Map: Ley Lines

Players

Astrea

  • Race: Protoss Protoss
  • Spawn Location: 7:00

ByuN - Winner!

  • Race: Terran Terran
  • Spawn Location: 1:00

Event: Esports World Cup 2025

VOD

Have the link to the VOD?

Description

Time

  • Played on: July 22, 2025, 5:26 a.m.
  • Length: 6:31

All games in this series

Show
View Real Time Build Order
Export as new Build Order

Astrea Protoss 

Build Orders: 1 Gate Expand, Phoenix Opening 

Get SALT Encoding   

  12  0:00  Probe  
  13  0:12  Probe  
  14  0:16  Pylon  
  14  0:23  Probe  
  15  0:31  Probe  
  16  0:36  Gateway  
  16  0:39  Probe  
  16  0:45  Assimilator  
  17  0:51  Probe  
  18  1:03  Probe  
  19  1:15  Probe  
  20  1:22  Cybernetics Core  
  20  1:23  Zealot  
  22  1:36  Nexus  
  22  1:42  Pylon  
  22  1:46  Probe  
  23  1:48  Stalker  
  23  1:52  Assimilator  
  19  2:23  Shield Battery  
  17  2:33  Stalker  
  19  2:49  Warp Gate  
  19  2:50  Probe  
  20  2:54  Probe  
  21  3:02  Probe  
  22  3:06  Probe  
  22  3:12  Probe, Sentry  
  23  3:14  Probe  
  27  3:20  Probe  
  27  3:23  Probe  
  29  3:29  Probe  
  29  3:30  Phoenix  
  29  3:33  Probe  
  30  3:36  Shield Battery  
  30  3:41  Probe  
  32  3:45  Probe  
  33  3:53  Probe, Twilight Council  
  33  3:54  Phoenix  
  34  3:57  Probe  
  35  4:05  Probe  
  35  4:08  Gateway  
  36  4:10  Probe  
  37  4:17  Probe  
  37  4:19  Blink  
  37  4:23  Probe  
  39  4:29  Probe  
  40  4:33  Dark Shrine  
  40  4:35  Probe  
  40  4:37  Stalker  
  43  4:41  Probe  
  43  4:44  Assimilator  
  44  4:47  Probe  
  45  4:53  Probe  
  45  4:54  Pylon x2  
  46  5:12  Probe x2  
  46  5:14  Stalker x2  
  52  5:24  Probe x2  
  52  5:26  Pylon  
  54  5:31  Gateway  
  50  5:43  Probe  
  50  5:45  Dark Templar  
  50  5:46  Probe  
  50  5:47  Pylon  
  52  6:01  Gateway  
  52  6:02  Gateway, Probe  
  51  6:05  Probe  
  51  6:11  Stalker  
Show
View Real Time Build Order
Export as new Build Order

ByuN Terran - Winner!

Build Orders:  

Get SALT Encoding   

  12  0:00  SCV  
  13  0:12  SCV  
  14  0:17  Supply Depot  
  14  0:24  SCV  
  15  0:39  Barracks  
  15  0:50  Barracks  
  15  0:54  SCV  
  16  1:06  SCV  
  16  1:07  Refinery  
  18  1:18  SCV  
  18  1:26  Marine  
  18  1:30  Orbital Command  
  19  1:34  Supply Depot  
  19  1:38  Marine  
  20  1:44  Marine  
  21  1:56  Marine  
  21  1:57  Bunker  
  22  2:02  Marine  
  22  2:03  SCV  
  24  2:14  Marine  
  25  2:20  Marine, SCV  
  26  2:24  Factory  
  25  2:32  SCV  
  25  2:39  Marine  
  26  2:44  SCV  
  27  2:56  SCV  
  28  3:00  Command Center  
  28  3:02  Supply Depot  
  28  3:08  SCV  
  28  3:09  Factory Tech Lab  
  29  3:14  Refinery  
  29  3:20  SCV  
  30  3:27  Cyclone  
  30  3:31  Starport  
  30  3:32  SCV  
  34  3:44  SCV  
  35  3:57  SCV  
  39  4:03  Supply Depot, Siege Tank  
  39  4:12  Marine x2  
  39  4:13  Orbital Command  
  39  4:16  Medivac  
  43  4:18  SCV  
  43  4:22  Supply Depot  
  44  4:29  Marine  
  44  4:30  Marine  
  46  4:33  Orbital Command, SCV  
  47  4:39  Siege Tank  
  50  4:45  SCV  
  50  4:50  Barracks Reactor  
  51  4:54  Barracks Tech Lab  
  51  4:56  Barracks  
  51  4:58  SCV  
  51  4:59  SCV  
  53  5:08  Refinery  
  53  5:10  SCV  
  53  5:11  SCV  
  55  5:15  Engineering Bay  
  55  5:18  Supply Depot  
  55  5:22  Marine, SCV  
  55  5:23  SCV  
  56  5:30  Marine x2  
  56  5:34  SCV  
  59  5:36  SCV  
  59  5:40  Marine  
  60  5:45  Missile Turret  
  60  5:46  SCV  
  60  5:48  Marine x2, SCV  
  64  5:51  Missile Turret  
  59  5:57  Marine  
  59  5:58  Marine, SCV  
  59  6:02  Factory Reactor  
  62  6:05  SCV  
  62  6:06  Marine  
  62  6:10  SCV  
Tags
 
Add a new tag
Caveats
  • Supply blocks, unpowered buildings, or Contaminate may cause inaccurate times.
  • Supply counts are checked every 10 seconds.